 Dungeon Crawl Stone Soup version 0.28-a0-563-gf77a47075d (webtiles) character file.

Game seed: 15598533545154415658

791 BR41ND34D the Skirmisher (level 8, -1/58 HPs)
             Began as a Djinni Fire Elementalist on Sept 29, 2021.
             Slain by an ogre (31 damage)
             ... on level 5 of the Dungeon.
             The game lasted 00:22:07 (5543 turns).

BR41ND34D the Skirmisher (Djinni Fire Elementalist) Turns: 5543, Time: 00:22:09

Health: -1/58      AC:  4    Str:  7    XL:     8   Next: 12%
Gold:   284        EV: 13    Int: 19    God:
                   SH:  0    Dex: 14

rFire   + + .      SeeInvis .   f - +2 hand axe (vorpal)
rCold   x . .      Faith    .   (no shield)
rNeg    + + .      Spirit   .   o - +1 robe {rN+}
rPois   ∞          Reflect  .   v - -1 helmet of Voracious Salvation {rN+}
rElec   .          Harm     .   n - +0 cloak
rCorr   .          Rampage  .   (no gloves)
Will    .....                   (boots unavailable)
Stlth   ++........              (no amulet)
HPRegen 0.19/turn               (no ring)
MPRegen 0.00/turn               (no ring)

@: flying
A: sickness immunity, fire resistance 2, cold vulnerability 1, float, innate
caster, hp casting, extra vitality 1
a: no special abilities


You were on level 5 of the Dungeon.
You visited 2 branches of the dungeon, and saw 6 of its levels.

You collected 284 gold pieces.

Inventory:

Hand Weapons
 f - a +2 vorpal hand axe (weapon)
Armour
 n - a +0 cloak (worn)
 o - a +1 robe of positive energy (worn)
 v - the -1 helmet of Voracious Salvation (worn) {rN+}
   (You found it on level 4 of the Dungeon)

   rN:        It protects you from negative energy.
Scrolls
 b - a scroll of noise {unknown}
 c - a scroll of silence {unknown}
 d - a scroll of teleportation {unknown}
 e - 2 scrolls of enchant armour {unknown}
 g - a scroll of fear {unknown}
 j - 2 scrolls of identify {unknown}
 k - 4 scrolls of enchant weapon {unknown}
 l - a scroll of magic mapping {unknown}
 s - 2 scrolls of amnesia {unknown}
Potions
 a - a potion of resistance {unknown}
 h - a potion of attraction {unknown}
 i - a potion of haste {unknown}
 m - a potion of heal wounds {unknown}
 p - 2 potions of degeneration {unknown}
 r - a potion of magic {unknown}
 t - a potion of mutation {unknown}
 u - a potion of curing {unknown}


   Skills:
 * Level 4.7 Fighting
 + Level 4.2 Dodging
 + Level 3.4 Stealth
 * Level 4.4 Spellcasting


You couldn't memorise any spells.
You knew the following spells:

 Your Spells              Type           Power      Damage    Failure   Level
a - Foxfire               Conj/Fire      84%        2x1d8     2%          1
b - Scorch                Fire           42%        2d7       3%          2
c - Mephitic Cloud        Conj/Pois/Air  21%        N/A       6%          3
d - Inner Flame           Hex/Fire       21%        N/A       6%          3
e - Flame Wave            Conj/Fire      21%        3d6       22%         4
f - Pain                  Necr           84%        1d8       2%          1
g - Passwall              Tmut/Erth      17%        N/A       3%          2
h - Conjure Flame         Conj/Fire      21%        6-21      6%          3
Your spell library was empty.

Dungeon Overview and Level Annotations

Branches:
Dungeon (5/15)             Temple (1/1) D:4

Altars:
Ashenzari
Cheibriados
Fedhas
Gozag
Okawaru
Ru
Sif Muna
Trog
Uskayaw
Vehumet
Wu Jian
Xom
Yredelemnul
Zin

Shops:
D:4 *

Annotations:
D:5 2 runed translucent doors, Eptagon's ghost, novice DEFE


Innate Abilities, Weirdness & Mutations

You are immune to sickness and miasma.
You are immune to poison.
Your flesh is very heat resistant. (rF++)
You are vulnerable to cold. (rC-)
You float through the air rather than walking.
You learn spells naturally, not from books.
Your magical power is your life essence.
You have superior vitality. (+4 HP)


Message History

The ogre is no longer more vulnerable to fire.
The ogre hits you with a +0 giant spiked club!
The foxfire hits the ogre but does no damage.
The ogre is lightly wounded.
The foxfire hits the ogre.
The ogre is moderately wounded.
Casting: Foxfire (safe; 2% risk of failure)
Confirm with . or Enter, or press ? or * to list all spells.
Flames lash the orc wizard.
The orc wizard is moderately wounded.
The orc wizard's fire resistance burns away.
The orc wizard mumbles some strange words.
The orc wizard flickers and vanishes!
Deactivating autopickup; reactivate with Ctrl-A.
The ogre misses you.
Casting: Scorch (safe; 3% risk of failure)
Confirm with . or Enter, or press ? or * to list all spells.
Aiming: Mephitic Cloud (dangerous; 6% risk of failure)
Press: ? - help, Shift-Dir - straight line, f - ogre
Aim: an ogre, wielding a +0 giant spiked club (moderately wounded, chance to affect: 77%)
The ball explodes into a vile cloud!
The stinking cloud engulfs the ogre but does no damage.
The ogre is moderately wounded.
The stinking cloud engulfs the orc priest but does no damage.
The ogre is engulfed in noxious fumes.
The orc priest is engulfed in noxious fumes.
The orc priest appears confused.
Casting: Mephitic Cloud (dangerous; 6% risk of failure)
Confirm with . or Enter, or press ? or * to list all spells.
Flames lash something.
Reactivating autopickup.
You feel a bit more experienced. The ogre barely misses you.
Casting: Scorch (safe; 3% risk of failure)
Confirm with . or Enter, or press ? or * to list all spells.
Flames lash the ogre.
The ogre is severely wounded.
The ogre's fire resistance burns away.
The ogre hits you with a +0 giant spiked club!!
Ouch! That really hurt!
You die...

##...## ### ##'## ..#
#.# #.# #.# #.# ##.##
..#####.# ##...##
......#.### #.....#
.≈........######...##
#@#.##......## ≈
#.O○○.......# ≈§§
###☼##..........
.....###°##......####
....oo...##......#
≈≈≈..###########.#
≈≈≈ .# . .#


You could see an ogre (combustible).

Vanquished Creatures
  Sigmund (D:2)
  An ice beast (D:5)
  A necrophage (D:3)
  A scorpion (D:4)
  An oklob sapling (D:4)
  2 orc priests (D:3)
  Crazy Yiuf (D:2)
  A bullfrog skeleton (D:3)
  Jessica (D:2)
  An iguana (D:5)
  3 orc wizards
  3 adders
  4 worms
  3 dart slugs
  8 orcs
  6 ball pythons
  4 endoplasms
  4 giant cockroaches
  6 goblins
  6 hobgoblins
  6 jackals (D:1)
  A kobold (D:4)
  4 quokkas
  6 bats
  A frilled lizard (D:2)
  A quokka skeleton (D:4)
  3 rats
80 creatures vanquished.

Vanquished Creatures (collateral kills)
  3 foxfires (D:4)
3 creatures vanquished.

Vanquished Creatures (others)
  109 foxfires
  A fungus (D:2)
  26 plants (D:4)
136 creatures vanquished.

Grand Total: 219 creatures vanquished

Notes
Turn   | Place    | Note
-------+----------+-------------------------------------------
     0 | D:1      | BR41ND34D the Djinni Fire Elementalist began the quest for
                  | the Orb.
     0 | D:1      | Reached XP level 1. HP: 15/15 MP: 0/0
   180 | D:1      | Found a faded altar of an unknown god.
   183 | D:1      | Reached XP level 2. HP: 22/22 MP: 0/0
   299 | D:1      | Reached skill level 1 in Fighting
   523 | D:1      | Reached XP level 3. HP: 23/27 MP: 0/0
   523 | D:1      | Learned a level 1 spell: Pain
  2024 | D:2      | Reached XP level 4. HP: 25/33 MP: 0/0
  2179 | D:2      | Noticed Jessica
  2186 | D:2      | Killed Jessica
  2423 | D:2      | Reached XP level 5. HP: 33/38 MP: 0/0
  2423 | D:2      | Learned a level 2 spell: Passwall
  2523 | D:2      | Found a runed translucent door.
  2524 | D:2      | Noticed Crazy Yiuf
  2540 | D:2      | Killed Crazy Yiuf
  2644 | D:2      | Noticed Sigmund
  2651 | D:2      | Killed Sigmund
  2652 | D:2      | Reached XP level 6. HP: 35/46 MP: 0/0
  3826 | D:3      | Noticed a necrophage
  3831 | D:3      | Killed a necrophage
  3832 | D:3      | Reached XP level 7. HP: 44/51 MP: 0/0
  3832 | D:3      | Learned a level 3 spell: Mephitic Cloud
  4451 | D:3      | Found a hide-covered altar of Uskayaw.
  4590 | D:4      | Found Leylosem's Assorted Antiques.
  4595 | D:4      | Found a staircase to the Ecumenical Temple.
  4635 | D:4      | Identified the -1 helmet of Voracious Salvation {rN+}
  4691 | Temple   | Entered the Ecumenical Temple
  5133 | D:4      | Found a blossoming altar of Fedhas.
  5300 | D:5      | Entered Level 5 of the Dungeon
  5350 | D:5      | Found a large runed translucent door.
  5350 | D:5      | Found a large runed translucent door.
  5357 | D:5      | Noticed Eptagon's ghost (novice DEFE)
  5493 | D:5      | Reached XP level 8. HP: 52/58 MP: 0/0
  5543 | D:5      | Slain by an ogre

Illustrated notes

Levels and vault maps discovered:
D:1:      saegor_arrival_miasma, layout_loops_ring,
          hellmonk_ecumenical_altar_pennies_from_heaven, grunt_decor_fettered,
          lemuel_flame_loot_1
D:2:      layout_loops_ring, uniq_jessica, uniq_sigmund, uniq_crazy_yiuf_cottage
D:3:      minmay_general_purpose_star, layout_basic, nicolae_uskayaw_suspiria
D:4:      layout_cave_pools, fedhas_altar_fruit_tree, minmay_temple_entry_oklob,
          serial_shops, nicolae_take_the_stairs
D:5:      layout_loops_corners, mainiacjoe_overflow_chevrons, lemuel_tele_altar,
          nicolae_dithmenos_shadow_blocks, ebering_ghost_disaster_area,
          st_stairs_6, feat_on_display, uniq_prince_ribbit1
Temple:   nicolae_temple_x_marks_the_god

Skill      XL: |  1  2  3  4  5  6  7 |
---------------+----------------------+-----
Fighting       | 1 2 3 4 |  4.7
Stealth        | 2 3 |  3.4
Spellcasting   | 3 4 |  4.4
Dodging        | 3 4 |  4.2

Action                   |  1- 3 |  4- 6 |  7- 9 || total
-------------------------+-------+-------+-------++-------
Melee: Unarmed           |     2 |       |       ||     2
       Short sword       |     1 |       |       ||     1
       Hand axe          |       |     6 |    12 ||    18
 Cast: Foxfire           |    21 |    31 |    15 ||    67
       Scorch            |    17 |    27 |    37 ||    81
       Mephitic Cloud    |       |       |     2 ||     2
       Passwall          |       |       |     1 ||     1
Armor: Robe              |     5 |     3 |       ||     8
Dodge: Dodged            |     7 |     7 |     4 ||    18

Table legend: (Time is in decaauts)
 A = Elapsed time spent in this place.
 B = Non-inter-level travel time spent in this place.
 C = Inter-level travel time spent in this place.
 D = Time resting spent in this place.
 E = Time spent auto-exploring this place.
 F = Levels seen in this place.
 G = Mean time per level.
                   A        B        C        D        E       F      G
               +--------+--------+--------+--------+--------+-----+--------+
         Total |   5548 |   5262 |    286 |   1565 |   2872 |   6 |  924.7 |
       Dungeon |   5388 |   5165 |    223 |   1565 |   2804 |   5 | 1077.6 |
        Temple |    160 |     97 |     63 |      0 |     68 |   1 |  160.0 |
               +--------+--------+--------+--------+--------+-----+--------+

Top non-repeatable levels by time:
     D:1: 2005 daAuts
     D:3: 1275 daAuts
     D:2: 1201 daAuts
     D:4: 664 daAuts
     D:5: 241 daAuts
  Temple: 160 daAuts
